 Dungeon Crawl Stone Soup version 0.26-a0-812-g31a745ddcd (webtiles) character file.

Game seed: 1358759769379536655

2887 Gildeon the Basher (level 9, -7/54 HPs)
             Began as a Gargoyle Fighter on Nov 14, 2020.
             Was a Follower of Ashenzari.
             Mangled by a boulder beetle (15 damage)
             ... on level 7 of the Dungeon.
             The game lasted 00:14:25 (6544 turns).

Gildeon the Basher (Gargoyle Fighter)               Turns: 6544, Time: 00:14:26

Health: -7/54      AC: 21    Str: 22    XL:     9   Next: 77%
Magic:  9/9        EV:  5    Int:  9    God:    Ashenzari [*.....]
Gold:   304        SH: 10    Dex: 10    Spells: 8/8 levels left

rFire    . . .     SeeInvis .   x - +5 trident (vamp) (curse)
rCold    + . .     Faith    .   c - +0 kite shield
rNeg     + . .     Spirit   .   h - +2 plate armour {rC+} (curse)
rPois    ∞         Reflect  .   (no helmet)
rElec    +         Harm     .   s - scarf {repulsion} (curse)
rCorr    .         Rampage  .   (no gloves)
MR       .....                  j - +0 pair of boots
Stlth    ..........             (no amulet)
HPRegen  0.18/turn              (no ring)
MPRegen  0.11/turn              (no ring)

@: mighty, repel missiles
A: negative energy resistance 1, electricity resistance, unbreathing,
petrification resistance, rot immunity, AC +6
a: Curse Item, Scrying, Renounce Religion


You were on level 7 of the Dungeon.
You worshipped Ashenzari.
Ashenzari was aware of your devotion.
You visited 2 branches of the dungeon, and saw 8 of its levels.

You collected 304 gold pieces.

Inventory:

Hand Weapons
 l - a +0 morningstar
 x - a cursed +5 vampiric trident (weapon)
Armour
 c - a +0 kite shield (worn)
 h - a cursed +2 plate armour of cold resistance (worn)
 j - a +0 pair of boots (worn)
 s - a cursed scarf of repulsion (worn)
Wands
 r - a wand of digging (2)
 v - a wand of flame (14)
Scrolls
 a - a scroll of fear {unknown}
 b - 2 scrolls of blinking {unknown}
 e - 3 scrolls of enchant armour {unknown}
 f - a scroll of magic mapping {unknown}
 i - 3 scrolls of remove curse
 k - 3 scrolls of amnesia {unknown}
 m - 2 scrolls of teleportation {unknown}
 t - a scroll of random uselessness {unknown}
 y - a scroll of identify
Potions
 d - a potion of might
 g - 2 potions of curing
 n - 2 potions of magic
 o - 2 potions of brilliance
 p - 2 potions of lignification {unknown}
 q - 2 potions of flight {unknown}
 u - a potion of cancellation {unknown}
 w - a potion of attraction {unknown}
 z - a potion of invisibility {unknown}


   Skills:
 - Level 5.0 Fighting
 - Level 8.6 Maces & Flails
 + Level 5.3 Polearms
 - Level 5.0 Armour
 + Level 3.6 Dodging
 - Level 5.0 Shields
 + Level 2.6 Evocations


You had 8 spell levels left.
You didn't know any spells.
Your spell library contained the following spells:

 Spells                   Type           Power        Failure   Level
 Shock                    Conj/Air       #...         100%        1
 Swiftness                Air            #.......     100%        2
 Confusing Touch          Hex            #.......     100%        3
 Gell's Gravitas          Tloc           #.........   100%        3
 Static Discharge         Conj/Air       #.......     100%        3
 Airstrike                Air            #.........   100%        4
 Petrify                  Tmut/Erth      #.......     100%        4
 Lightning Bolt           Conj/Air       #.........   100%        5
 Metabolic Englaciation   Hex/Ice        #.........   100%        5
 Yara's Violent Unravell  Hex/Tmut       #.........   100%        5


Dungeon Overview and Level Annotations

Branches:
Dungeon (7/15)             Temple (1/1) D:4

Altars:
Ashenzari
Cheibriados
Dithmenos
Elyvilon
Fedhas
Gozag
Hepliaklqana
Kikubaaqudgha
Nemelex Xobeh
Okawaru
Qazlal
Ru
Sif Muna
Trog
Uskayaw
Wu Jian
Xom
Yredelemnul
Zin
The Shining One

Annotations:
D:7 4 runed translucent doors


Innate Abilities, Weirdness & Mutations

You are resistant to torment.
Your stone body is resilient. (AC +6)
You are immune to poison.
You resist negative energy. (rN+)
You are resistant to electric shocks. (rElec)
You can survive without breathing.
You are immune to petrification.
You are immune to rotting.


Message History

The boulder beetle is lightly wounded.
The boulder beetle bites you but does no damage.
You hit the boulder beetle but do no damage.
The boulder beetle is lightly wounded.
The boulder beetle bites you!
You puncture the boulder beetle!
The boulder beetle is moderately wounded.
The boulder beetle barely misses you.
Your shield prevents you from hitting the boulder beetle.
The boulder beetle is moderately wounded.
The boulder beetle bites you!
* * * LOW HITPOINT WARNING * * *
You puncture the boulder beetle!
You feel better.
The boulder beetle is moderately wounded.
You block the boulder beetle's attack. The boulder beetle bites you!
* * * LOW HITPOINT WARNING * * *
You feel very mighty all of a sudden. The boulder beetle bites you!
You die...

#......##8?K8##.........#
#.......######..........#
#.......................#
#........#.#............#
#.....####..............#
#.....# ###............#
'.....# #............#
#.....# #.....(.)....#
#.....# #....@.......#
......# #.....B......#
......# #............#
.###### #............# .#
######.......# .#
#.......# .# #.......# .#
#.......# .# #.......#


You could see a boulder beetle.

Vanquished Creatures
  Grinder (D:4)
  3 ice beasts
  3 orc warriors
  A sky beast (D:6)
  A black bear (D:7)
  A phantom (D:7)
  2 ogres
  A centaur (D:6)
  Blork the orc (D:5)
  2 bullfrogs
  2 wyvern zombies (D:7)
  3 scorpions
  A wyvern skeleton (D:7)
  4 wights (D:6)
  2 howler monkeys
  A bullfrog zombie (D:6)
  4 jellies
  A hound (D:5)
  2 orc priests
  4 orc wizards
  2 bullfrog skeletons (D:6)
  2 iguanas
  Natasha (thrice) (D:2)
  3 worker ants
  A killer bee zombie (D:7)
  A hound zombie (D:5)
  A mummy (D:6)
  A howler monkey skeleton (D:4)
  5 adders
  3 shadow imps
  An ufetubus (D:7)
  A worm (D:3)
  2 dart slugs (D:2)
  3 leopard geckos
  17 orcs
  11 bats
  3 giant cockroaches
  9 goblins
  9 hobgoblins
  5 jackals
  10 kobolds
  7 quokkas
  A ball python (D:1)
  5 frilled lizards
  A jackal skeleton (D:5)
  11 rats
158 creatures vanquished.

Vanquished Creatures (others)
  13 fungi (D:5)
13 creatures vanquished.

Grand Total: 171 creatures vanquished

Notes
Turn   | Place    | Note
-------+----------+-------------------------------------------
     0 | D:1      | Gildeon the Gargoyle Fighter began the quest for the Orb.
     0 | D:1      | Reached XP level 1. HP: 14/14 MP: 1/1
    90 | D:1      | Reached XP level 2. HP: 18/19 MP: 2/2
   243 | D:1      | Reached skill level 3 in Maces & Flails
   443 | D:1      | Reached XP level 3. HP: 22/23 MP: 3/3
   618 | D:2      | Noticed an ogre
   630 | D:2      | Killed an ogre
   630 | D:2      | Reached skill level 4 in Maces & Flails
   630 | D:2      | Reached XP level 4. HP: 20/28 MP: 4/4
   729 | D:2      | Reached skill level 5 in Maces & Flails
   779 | D:2      | Reached XP level 5. HP: 29/32 MP: 5/5
   903 | D:2      | Noticed Natasha
   912 | D:2      | Killed Natasha
   959 | D:2      | Noticed Natasha
   964 | D:2      | Killed Natasha
  1398 | D:2      | Noticed Natasha
  1421 | D:2      | Killed Natasha
  1421 | D:2      | Reached skill level 6 in Maces & Flails
  1421 | D:2      | Reached XP level 6. HP: 20/37 MP: 6/6
  2869 | D:4      | Noticed Grinder
  2896 | D:4      | Killed Grinder
  2896 | D:4      | Reached skill level 7 in Maces & Flails
  2896 | D:4      | Reached XP level 7. HP: 35/41 MP: 7/7
  3248 | D:4      | Reached skill level 8 in Maces & Flails
  3412 | D:4      | Found a staircase to the Ecumenical Temple.
  3425 | Temple   | Entered the Ecumenical Temple
  3433 | Temple   | Became a worshipper of Ashenzari the Shackled
  3711 | D:5      | Entered Level 5 of the Dungeon
  3825 | D:5      | Noticed Blork the orc
  3835 | D:5      | Killed Blork the orc
  4325 | D:5      | Reached skill level 1 in Polearms
  4459 | D:5      | Reached XP level 8. HP: 44/48 MP: 8/8
  4567 | D:6      | Found a snail-covered altar of Cheibriados.
  4613 | D:5      | Found a bloodstained altar of Trog.
  5103 | D:6      | Reached * piety under Ashenzari
  5107 | D:6      | Found a shimmering altar of Xom.
  5110 | D:6      | Found a sparkling altar of Nemelex Xobeh.
  5113 | D:6      | Found an opulent altar of Gozag.
  5219 | D:6      | Reached skill level 5 in Fighting
  5219 | D:6      | Reached skill level 5 in Armour
  5239 | D:6      | Reached skill level 1 in Dodging
  5471 | D:6      | Reached XP level 9. HP: 54/54 MP: 9/9
  5791 | D:7      | Found a sacrificial altar of Ru.
  5833 | D:7      | Reached skill level 5 in Shields
  5916 | D:7      | Reached skill level 1 in Evocations
  6318 | D:7      | Found a large runed translucent door.
  6318 | D:7      | Found a large runed translucent door.
  6339 | D:7      | Reached skill level 5 in Polearms
  6431 | D:7      | Noticed a kobold demonologist
  6444 | D:7      | Found a large runed translucent door.
  6444 | D:7      | Found a large runed translucent door.
  6527 | D:7      | Noticed a boulder beetle
  6544 | D:7      | Mangled by a boulder beetle

Illustrated notes

Levels and vault maps discovered:
D:1:      lemuel_arrival_behind_the_door_small, layout_rooms,
          minmay_misc_feat_tower
D:2:      layout_basic, uniq_natasha
D:3:      layout_basic, grunt_temple_overflow_lords_of_destruction,
          corexii_corridor_pit
D:4:      layout_basic, minmay_temple_entry_drinking_statues, uniq_grinder
D:5:      layout_basic, nicolae_overflow_hidden_temple, serial_aquarium,
          aquarium_bridge_square [aquarium_subvault_balcony,
          aquarium_subvault_bridge, aquarium_subvault_wall,
          aquarium_subvault_bridge], aquarium_window_corridor_3,
          aquarium_window_fake, aquarium_window_2, aquarium_window_1,
          aquarium_view_2a, aquarium_view_2d, aquarium_balcony_3a,
          aquarium_pool_split, uniq_blork_the_orc
D:6:      layout_loops_ring, slow_altar_1, grunt_temple_overflow_diamond,
          minmay_misc_feat_rows, minmay_bent
D:7:      minmay_inner_zag, layout_gridville, nicolae_ru_sacrificial_ziggurat,
          minmay_misc_feat_tiny, kennysheep_path_1, roderic_roman_lattice,
          chequers_arboretum, minmay_hollow_rounded_squares
Temple:   nicolae_temple_great_sept

Skill      XL: |  1  2  3  4  5  6  7  8  9 |
---------------+----------------------------+-----
Maces & Flails | 3 4 5 6 7 8 |  8.6
Polearms       | 1 3 5 |  5.3
Armour         | 5 |  5.0
Fighting       | 5 |  5.0
Dodging        | 1 3 |  3.6
Shields        | 4 5 |  5.0
Evocations     | 2 |  2.6

Action                   |  1- 3 |  4- 6 |  7- 9 || total
-------------------------+-------+-------+-------++-------
Melee: Flail             |    74 |   172 |    91 ||   337
       Trident           |       |       |   412 ||   412
Invok: Curse Item        |       |       |     3 ||     3
Evoke: Wand              |       |       |     1 ||     1
  Use: Scroll            |       |       |     9 ||     9
       Potion            |       |       |     1 ||     1
Armor: Scale mail        |     7 |       |       ||     7
       Plate armour      |    41 |   155 |   320 ||   516
Dodge: Dodged            |    16 |    36 |    69 ||   121
       Repelled          |       |       |     1 ||     1
Block: Kite shield       |    35 |   102 |   264 ||   401

Table legend: (Time is in decaauts)
 A = Elapsed time spent in this place.
 B = Non-inter-level travel time spent in this place.
 C = Inter-level travel time spent in this place.
 D = Time resting spent in this place.
 E = Time spent auto-exploring this place.
 F = Levels seen in this place.
 G = Mean time per level.
                   A        B        C        D        E       F      G
               +--------+--------+--------+--------+--------+-----+--------+
         Total |   6704 |   6357 |    347 |    213 |   4548 |   8 |  838.0 |
       Dungeon |   6622 |   6289 |    333 |    213 |   4491 |   7 |  946.0 |
        Temple |     81 |     67 |     14 |      0 |     57 |   1 |   81.0 |
               +--------+--------+--------+--------+--------+-----+--------+

Top non-repeatable levels by time:
     D:2: 1513 daAuts
     D:6: 1098 daAuts
     D:5: 926 daAuts
     D:7: 899 daAuts
     D:3: 856 daAuts
     D:4: 716 daAuts
     D:1: 611 daAuts
  Temple: 81 daAuts
